 Dungeon Crawl Stone Soup version 0.32-a0-543-gefe97123c3 (webtiles) character file.

Game seed: 8801716124859639

4441 GordonOverkill the Skirmisher (level 10, -8/59 HPs)
             Began as a Deep Elf Delver on Feb 29, 2024.
             Was a Believer of Okawaru.
             Mangled by Grum
             ... wielding a +1 glaive
              (24 damage)
             ... on level 10 of the Dungeon.
             The game lasted 00:14:59 (7242 turns).

GordonOverkill the Skirmisher (Deep Elf Delver)     Turns: 7242, Time: 00:14:59

Health: -8/59      AC: 11    Str: 18    XL:     10   Next: 15%
Magic:  10/10      EV: 13    Int: 20    God:    Okawaru [**....]
Gold:   381        SH:  9    Dex: 17    Spells: 19/19 levels left

rFire   . . .        j - +6 sling "Xerueluyta" {drain, MP-9 Str+9 Int+4 Dex-3}
rCold   + . .        o - +0 buckler
rNeg    . . .        q - +0 troll leather armour
rPois   .            n - +2 helmet
rElec   .            I - +2 cloak {Will+}
rCorr   .            s - +0 pair of gloves
SInv    .            h - +0 pair of boots
Will    ++...        k - amulet of reflection
Stlth   +++          y - ring of protection from cold
HPRegen 1.09/turn    (no ring)
MPRegen 0.12/turn

%: reflection
@: lethally poisoned (-8 -> -25), about to teleport, slowed, very slow
A: no striking features
a: Renounce Religion, Heroism


You were on level 10 of the Dungeon.
You worshipped Okawaru.
Okawaru was pleased with you.
You visited 2 branches of the dungeon, and saw 11 of its levels.

You collected 381 gold pieces.

Inventory:

Hand Weapons
 a - a +1 spear
 j - the +6 sling "Xerueluyta" (weapon) {drain, MP-9 Str+9 Int+4 Dex-3}
   (You found it on level 6 of the Dungeon)

   Str+9:     It affects your strength (+9).
   Int+4:     It affects your intelligence (+4).
   Dex-3:     It affects your dexterity (-3).
   MP-9:      It affects your magic capacity (-9).
Missiles
 E - a curare-tipped dart
Armour
 h - a +0 pair of boots (worn)
 n - a +2 helmet (worn)
 o - a +0 buckler (worn)
 q - a +0 troll leather armour (worn)
 s - a +0 pair of gloves (worn)
 I - a +2 cloak of willpower (worn)
Jewellery
 k - an amulet of reflection (around neck)
 y - a ring of protection from cold (left hand)
 C - an amulet of guardian spirit
Wands
 g - a wand of digging (2)
 v - a wand of roots (15)
 z - a wand of mindburst (9)
Scrolls
 b - a scroll of vulnerability {unknown}
 c - 6 scrolls of fog
 d - a scroll of revelation
 i - a scroll of teleportation
 l - 3 scrolls of immolation
 t - a scroll of torment {unknown}
 x - 3 scrolls of enchant weapon
 F - 4 scrolls of identify
Potions
 e - a potion of degeneration
 f - 2 potions of haste
 m - a potion of invisibility
 p - 6 potions of heal wounds {unknown}
 r - 3 potions of attraction {unknown}
 u - 2 potions of magic
 w - a potion of cancellation {unknown}
 A - 2 potions of lignification {unknown}
 B - 2 potions of mutation
 G - a potion of enlightenment {unknown}


   Skills:
 + Level 5.5 Fighting
 - Level 1.7 Polearms
 - Level 14.0 Ranged Weapons
 - Level 5.0 Dodging
 - Level 6.3 Stealth
 - Level 5.0 Spellcasting
 - Level 5.0 Invocations
 - Level 3.0 Evocations


You had 19 spell levels left.
You didn't know any spells.
Your spell library contained the following spells:

 Spells                   Type           Power      Damage    Failure   Level
 Magic Dart               Conj           20%        1d4       19%         1
 Necrotise                Necr           20%        1d5       19%         1
 Blink                    Tloc           10%        N/A       26%         2
 Lesser Beckoning         Tloc           10%        N/A       26%         2
 Momentum Strike          Conj/Tloc      10%        3d8       26%         2
 Sublimation of Blood     Necr           5%         N/A       26%         2
 Gell's Gravitas          Tloc           5%         N/A       47%         3
 Teleport Other           Tloc           5%         N/A       47%         3
 Vampiric Draining        Necr           5%         2d6       47%         3
 Volatile Blastmotes      Fire/Tloc      10%        2d10      47%         3
 Fulminant Prism          Conj/Alch      2%         3d5       87%         4
 Iskenderun's Mystic Bla  Conj/Tloc      5%         2d3       87%         4
 Curse of Agony           Necr           5%         N/A       99%         5
 Call Imp                 Summ           Unusable   N/A       N/A         2
 Martyr's Knell           Necr/Summ      Unusable   N/A       N/A         4
 Summon Hydra             Summ           Unusable   N/A       N/A         7

Dungeon Overview and Level Annotations

Branches:
Dungeon (10/15)            Temple (1/1) D:7
   Lair: D:8-11         Orc: D:9-12

Altars:
Ashenzari
Cheibriados
Dithmenos
Elyvilon
Fedhas
Gozag
Hepliaklqana
Kikubaaqudgha
Makhleb
Nemelex Xobeh
Okawaru
Qazlal
Ru
Sif Muna
Trog
Uskayaw
Vehumet
Wu Jian
Xom
Yredelemnul
Zin
The Shining One

Annotations:
D:10 Grum, Sonja


Message History

Sonja gestures wildly while chanting.
Sonja blinks!
The wolf howls!
You feel better. The wolf bites you but does no damage.
The howler monkey hoots and howls with incredible vigour!
The wolf bites you but does no damage. x2; The wolf bites you.
A black bear comes into view.
An elephant comes into view.
Sonja throws a curare-tipped dart.
The curare-tipped dart hits you.
You are poisoned.
You have difficulty breathing.
* * * LOW HITPOINT WARNING * * *
You feel yourself slow down. The orc warrior closely misses you.
The wolf bites you but does no damage. The wolf completely misses you.
The wolf bites you but does no damage. The wolf barely misses you.
You hear a shout! x3
Unknown command.
A shadow and an orc zombie come into view.
You feel sick. The wolf attacks as it pursues you!
The wolf bites you but does no damage. The wolf attacks as it pursues you!
You block the wolf's attack. The wolf attacks as it pursues you!
You block the wolf's attack.
Sonja throws a curare-tipped dart.
The curare-tipped dart hits you.
You are more poisoned.
You have difficulty breathing.
* * * LOW HITPOINT WARNING * * *
You feel as though you will be slow longer.
The howler monkey hoots and howls with incredible vigour!
Grum lets out an intimidating howl.
Grum closely misses you.
The orc warrior attacks as it pursues you!
The orc warrior hits you from afar with a +2 glaive of venom.
* * * LOW HITPOINT WARNING * * *
The wolf misses you.
Sonja throws a curare-tipped dart.
The curare-tipped dart hits you.
You are more poisoned.
You have difficulty breathing.
* * * LOW HITPOINT WARNING * * *
You feel as though you will be slow longer.
The wolf closely misses you. Grum hits you with a +1 glaive!!
You die...

Z.## Z.W.# #Z..#
#ZZ.# ..
########)..# ...
........ZZ.###..
.......hg.....#
..<..K.@.h....#
.......hh.....#
######.oTo.####
##..h..#..
#..h...#.# #
##.....#.##.#.#
#.....#......#
##..hY.#.# #.#
#......#.# #.+


You could see an elephant (wandering), Grum, a troll, Sonja, 2 orc warriors, a
black bear (wandering), a shadow, 4 wolves, 2 howler monkeys, 5 orc zombies and
an orc skeleton.

Vanquished Creatures
  A hornet (D:9)
  Prince Ribbit (D:6)
  2 trolls
  5 yaks (D:9)
  4 vampire mosquitoes (D:9)
  2 orc warriors
  2 ice beasts
  A sky beast (D:7)
  An ogre (D:4)
  A centaur (D:10)
  A phantom (D:5)
  2 kobold brigands
  3 scorpions
  2 bullfrogs (D:7)
  5 wights (D:8)
  3 killer bees (D:9)
  5 jellies
  A gnoll bouda (D:8)
  3 orc priests
  6 hounds
  3 sleepcaps
  3 orc wizards
  2 iguanas (D:5)
  7 gnolls
  12 adders
  3 white imps
  2 ufetubi (D:5)
  3 ribbon worms
  22 orcs
  4 ball pythons
  8 bats
  7 endoplasms
  3 giant cockroaches
  7 goblins
  3 hobgoblins
  15 kobolds
  5 quokkas
  4 frilled lizards
  4 rats
168 creatures vanquished.

Notes
Turn   | Place    | Note
-------+----------+-------------------------------------------
     0 | D:5      | GordonOverkill the Deep Elf Delver began the quest for the
                  | Orb.
     0 | D:5      | Reached XP level 1. HP: 13/13 MP: 3/3
    14 | D:6      | Identified the +6 sling "Xerueluyta" {drain, MP-9 Str+9
                  | Int+4 Dex-3}
    33 | D:5      | Noticed an iguana
    37 | D:5      | Killed an iguana
    38 | D:5      | Reached XP level 2. HP: 18/18 MP: 0/4
    46 | D:5      | Noticed a scorpion
    60 | D:5      | Killed a scorpion
    61 | D:5      | Reached skill level 3 in Ranged Weapons
    61 | D:5      | Reached XP level 3. HP: 6/22 MP: 0/5
    61 | D:5      | Reached XP level 4. HP: 7/27 MP: 0/6
   257 | D:5      | Reached skill level 4 in Ranged Weapons
   308 | D:5      | Noticed a phantom
   339 | D:5      | Reached skill level 5 in Ranged Weapons
   339 | D:5      | Reached XP level 5. HP: 31/31 MP: 0/7
   450 | D:5      | Reached skill level 6 in Ranged Weapons
   683 | D:4      | Noticed an ogre
   690 | D:4      | Killed an ogre
   691 | D:4      | Reached skill level 7 in Ranged Weapons
   691 | D:4      | Reached XP level 6. HP: 36/36 MP: 0/8
   785 | D:4      | Reached skill level 8 in Ranged Weapons
  1468 | D:3      | Reached skill level 9 in Ranged Weapons
  1468 | D:3      | Reached XP level 7. HP: 38/40 MP: 0/9
  2629 | D:1      | Found a faded altar of an unknown god.
  3166 | D:5      | Reached skill level 10 in Ranged Weapons
  3592 | D:6      | Noticed a troll
  3831 | D:5      | Killed a troll
  3832 | D:5      | Reached XP level 8. HP: 33/48 MP: 0/10
  4253 | D:6      | Noticed Prince Ribbit
  4259 | D:6      | Killed Prince Ribbit
  4260 | D:6      | Reached skill level 5 in Fighting
  4743 | D:7      | Reached skill level 5 in Dodging
  4874 | D:7      | Found a bloodstained altar of Trog.
  4875 | D:7      | Found an opulent altar of Gozag.
  4876 | D:7      | Found a hide-covered altar of Uskayaw.
  4987 | D:7      | Reached skill level 11 in Ranged Weapons
  4995 | D:7      | Found a staircase to the Ecumenical Temple.
  5065 | Temple   | Entered the Ecumenical Temple
  5074 | Temple   | Became a worshipper of Warmaster Okawaru
  5099 | D:7      | Found an ornate altar of the Wu Jian Council.
  5109 | D:7      | Identified the +7 plate armour "Zabuejups" {rElec}
  5469 | D:8      | Found a radiant altar of Vehumet.
  5566 | D:8      | Reached XP level 9. HP: 54/54 MP: 2/11
  5727 | D:8      | Reached skill level 12 in Ranged Weapons
  5858 | D:8      | Reached * piety under Okawaru
  5947 | D:8      | Found a white marble altar of Elyvilon.
  5947 | D:8      | Found a glowing silver altar of Zin.
  5947 | D:8      | Found a glowing golden altar of the Shining One.
  6165 | D:9      | Reached skill level 13 in Ranged Weapons
  6347 | D:9      | Reached skill level 14 in Ranged Weapons
  6526 | D:9      | Reached skill level 5 in Spellcasting
  7016 | D:9      | Reached XP level 10. HP: 59/59 MP: 10/19
  7138 | D:9      | Reached ** piety under Okawaru
  7139 | D:9      | Reached skill level 5 in Invocations
  7170 | D:10     | Entered Level 10 of the Dungeon
  7228 | D:10     | Noticed Sonja
  7238 | D:10     | Noticed Grum
  7241 | D:10     | Noticed an elephant
  7242 | D:10     | Mangled by Grum

Illustrated notes

Levels and vault maps discovered:
D:1:      psy_arrival_conway, layout_rooms,
          hellmonk_ecumenical_altar_arch_garden, minmay_pentomino_u2
D:2:      layout_basic
D:3:      layout_basic, kennysheep_nondescript, minmay_divided_ellipse
D:4:      layout_loops_cross
D:5:      layout_loops_ring
D:6:      layout_basic, uniq_prince_ribbit1
D:7:      layout_basic, kennysheep_mini_moat,
          chequers_temple_overflow_statue_of_worship, minmay_temple_entry_arrows
D:8:      layout_loops_ring, dreamdust_divine_triumvirate,
          overflow_temple_1_default, minivault_4, uniq_joseph
D:9:      layout_irregular_city, serial_glass, glass_columns_a, glass_columns_a,
          glass_columns_b, glass_columns_a, glass_columns_b, glass_columns_a,
          glass_columns_c, glass_columns_b, glass_columns_c, glass_columns_c,
          glass_columns_a, glass_columns_a, glass_columns_c, glass_columns_b,
          minmay_strange_pillars, minmay_liquid_box
D:10:     layout_stronghold, david_lair_generic, zombieorc2_lemuel,
          minmay_the_grid_2x2 [minmay_the_grid_paths, minmay_the_grid_gridbox,
          minmay_the_grid_stretched_grid, minmay_the_grid_prize_trominoes],
          uniq_grum, uniq_amaemon, uniq_josephine, uniq_sonja, uniq_snorg,
          uniq_harold
Temple:   eino_temple_lava

Skill      XL: |  1  2  3  4  5  6  7  8  9 10 |
---------------+-------------------------------+-----
Ranged Weapons | 3 5 7 9 10 11 14 | 14.0
Fighting       | 4 5 |  5.5
Evocations     | 2 3 |  3.0
Dodging        | 5 |  5.0
Spellcasting   | 5 |  5.0
Invocations    | 4 5 |  5.0
Polearms       | |  1.7
Stealth        | |  6.3

Action                     |  1- 3 |  4- 6 |  7- 9 | 10-12 || total
---------------------------+-------+-------+-------+-------++-------
  Melee: Spear             |       |       |     5 |       ||     5
   Fire: Sling             |    18 |    96 |   386 |    27 ||   527
 Invoke: Heroism           |       |       |     2 |     1 ||     3
  Evoke: Wand              |       |       |       |     2 ||     2
    Use: Scroll            |       |       |    12 |     2 ||    14
         Potion            |       |       |     2 |     1 ||     3
 Armour: Leather armour    |     9 |     5 |    23 |       ||    37
         Troll leather arm |       |       |    39 |    30 ||    69
  Dodge: Dodged            |     8 |    16 |    59 |    25 ||   108
  Block: Other             |       |     2 |       |       ||     2
         Buckler           |       |       |    73 |    16 ||    89
         Reflection        |       |       |     5 |     3 ||     8

Table legend: (Time is in decaauts)
 A = Elapsed time spent in this place.
 B = Non-inter-level travel time spent in this place.
 C = Inter-level travel time spent in this place.
 D = Time resting spent in this place.
 E = Time spent auto-exploring this place.
 F = Levels seen in this place.
 G = Mean time per level.
                   A        B        C        D        E       F      G
               +--------+--------+--------+--------+--------+-----+--------+
         Total |   7256 |   6721 |    535 |    824 |   4403 |  11 |  659.6 |
       Dungeon |   7237 |   6718 |    519 |    824 |   4403 |  10 |  723.7 |
        Temple |     18 |      2 |     16 |      0 |      0 |   1 |   18.0 |
               +--------+--------+--------+--------+--------+-----+--------+

Top non-repeatable levels by time:
     D:5: 1208 daAuts
     D:9: 988 daAuts
     D:3: 887 daAuts
     D:4: 864 daAuts
     D:6: 791 daAuts
     D:7: 749 daAuts
     D:8: 675 daAuts
     D:2: 605 daAuts
     D:1: 397 daAuts
    D:10: 69 daAuts
  Temple: 18 daAuts
